 Dungeon Crawl Stone Soup version 0.29-a0-11-ga75d3d97ab (webtiles) character file.

Game seed: 7591048422946195450

87 robertstho the Sneak (level 4, -13/21 HPs)
             Began as a Spriggan Enchanter on Jan 28, 2022.
             Killed by nerve-wracking pain
             ... invoked by a shadow imp
              (14 damage)
             ... on level 2 of the Dungeon.
             The game lasted 00:06:10 (3452 turns).

robertstho the Sneak (Spriggan Enchanter)           Turns: 3452, Time: 00:06:10

Health: -13/21     AC:  2    Str:  4    XL:     4   Next: 28%
Magic:  8/10       EV: 17    Int: 18    God:
Gold:   112        SH:  0    Dex: 15    Spells: 2/10 levels left

rFire   . . .      SeeInvis +   l - +0 dagger (speed)
rCold   . . .      Faith    .   (no shield)
rNeg    . . .      Spirit   .   b - +0 robe
rPois   .          Reflect  .   (helmet restricted)
rElec   .          Harm     .   (no cloak)
rCorr   .          Rampage  .   (gloves unavailable)
Will    .....                   (boots unavailable)
Stlth   +++.......              (no amulet)
HPRegen 0.07/turn               e - ring of flight
MPRegen 0.12/turn               i - ring of wizardry

@: flying, very quick
A: very small, no large weapons, unfitting armour, see invisible, speed 3
a: no special abilities


You were on level 2 of the Dungeon.
You visited 1 branch of the dungeon, and saw 4 of its levels.

You collected 112 gold pieces.

Inventory:

Hand Weapons
 a - a +1 dagger
 l - a +0 dagger of speed (weapon)
Armour
 b - a +0 robe (worn)
Magical Staves
 c - a staff of conjuration
 g - a staff of air
Jewellery
 e - a ring of flight (left hand)
 i - a ring of wizardry (right hand)
Scrolls
 h - a scroll of torment {unknown}
 k - a scroll of blinking {unknown}
 m - 3 scrolls of enchant armour
 n - a scroll of enchant weapon {unknown}
Potions
 d - 3 potions of curing
 j - a potion of might


   Skills:
 * Level 0.6 Fighting
 + Level 1.7 Short Blades
 + Level 3.1 Dodging
 * Level 5.5 Stealth
 * Level 3.5 Spellcasting
 + Level 4.0 Hexes
 + Level 0.7 Ice Magic


You had 2 spell levels left.
You knew the following spells:

 Your Spells              Type           Power      Damage    Failure   Level
a - Ensorcelled Hibernat  Hex/Ice        22%        N/A       3%          2
b - Confusing Touch       Hex            17%        N/A       3%          3
c - Tukima's Dance        Hex            17%        N/A       3%          3

Your spell library contained the following spells:

 Spells                   Type           Power      Damage    Failure   Level
 Dazzling Flash           Conj/Hex       20%        N/A       9%          3


Dungeon Overview and Level Annotations

Branches:
Dungeon (4/15)
 Temple: D:4-7

Altars:


Innate Abilities, Weirdness & Mutations

You are very small and have problems with some larger weapons.
You are too small for most types of armour.
You have supernaturally acute eyesight. (SInv)
You cover ground extremely quickly. (Speed+++)


Message History

You hit the shadow imp.
The shadow imp is lightly wounded.
The shadow imp misses you.
You closely miss the shadow imp.
The shadow imp is lightly wounded.
The shadow imp closely misses you.
You barely miss the shadow imp.
The shadow imp is lightly wounded.
You hit the shadow imp but do no damage.
The shadow imp is lightly wounded.
The shadow imp hits you.
You are too injured to fight recklessly!
You are too injured to fight recklessly!
You are too injured to fight recklessly!
You are too injured to fight recklessly!
Casting: Ensorcelled Hibernation (safe; 3% risk of failure)
Confirm with . or Enter, or press ? or * to list all spells.
The spell is quite dangerous to miscast (3% risk of failure)!
Continue anyway?
Okay, then.
You closely miss the shadow imp.
The shadow imp is lightly wounded.
You hit the shadow imp but do no damage.
The shadow imp is lightly wounded.
The shadow imp barely misses you.
You hit the shadow imp but do no damage.
The shadow imp is lightly wounded.
The shadow imp hits you but does no damage.
You barely miss the shadow imp.
The shadow imp is lightly wounded.
You hit the shadow imp.
The shadow imp is moderately wounded.
The shadow imp gestures at you. Pain shoots through your body!
* * * LOW HITPOINT WARNING * * *
You barely miss the shadow imp.
The shadow imp is moderately wounded.
The shadow imp gestures at you. Pain shoots through your body!
Ouch! That really hurt!
You die...

##....#....#...........#.# ##.#.
...#######.#..##.##.##.#.### #.#.
##....#....#.....##.##.#)..# #.#.
......#....#).#####.##.#...###.#.
#####.#.##.#..##...............#.
#...#(....##.########.#..###.
##....#...##.#####...).......
#######......#.......##.#..###.
#......>......@5.###.##.#..###.
##.###.#####..#.#.###.##†#......
##...##.# #.##....##.##........
#.###.#.# #.##....##.#####.##.#
.## ##(.# #.#........#####.##.#
.# #[.#####................##.#
.## ##<.<.....#........#####.##.#
#.###.####.######............#...
##...## #.##........#...........


You could see a shadow imp.

Vanquished Creatures
  2 adders (D:2)
  2 worms
  A dart slug (D:1)
  5 endoplasms
  3 giant cockroaches
  7 goblins
  3 hobgoblins (D:1)
  9 jackals
  A quokka (D:3)
  4 ball pythons
  4 bats
  4 frilled lizards
  5 kobolds
  7 rats
57 creatures vanquished.

Vanquished Creatures (collateral kills)
  A goblin (D:2)
1 creature vanquished.

Grand Total: 58 creatures vanquished

Notes
Turn   | Place    | Note
-------+----------+-------------------------------------------
     0 | D:1      | robertstho the Spriggan Enchanter began the quest for the
                  | Orb.
     0 | D:1      | Reached XP level 1. HP: 9/9 MP: 5/5
   364 | D:1      | Reached XP level 2. HP: 7/13 MP: 7/7
   518 | D:1      | Found a faded altar of an unknown god.
   601 | D:1      | Reached skill level 5 in Stealth
   937 | D:1      | Reached XP level 3. HP: 17/17 MP: 8/8
  1425 | D:2      | You are sucked into a shaft and drop 2 floors!
  1488 | D:4      | Learned a level 2 spell: Ensorcelled Hibernation
  1492 | D:4      | Learned a level 3 spell: Confusing Touch
  1496 | D:4      | Learned a level 3 spell: Tukima's Dance
  2202 | D:2      | Reached XP level 4. HP: 8/21 MP: 5/10
  3451 | D:2      | HP: 1/21 [shadow imp/nerve-wracking pain (10)]
  3452 | D:2      | Killed from afar by a shadow imp

Illustrated notes

Levels and vault maps discovered:
D:1:      lightli_iron_boxes, layout_basic, ebering_ecumenical_altar_mist,
          glass_columns_b
D:2:      layout_loops_ring, minmay_fractal_squares_5
D:3:      layout_rooms, skrybe_limestone_x
D:4:      layout_loops_ring, minmay_temple_entry_water_ring,
          ebering_ghost_rock_garden, serial_shops, shop

Skill      XL: |  1  2  3 |
---------------+----------+-----
Spellcasting   | 3 |  3.5
Stealth        | 5 |  5.5
Dodging        | 3 |  3.1
Hexes          | 4 |  4.0
Fighting       | |  0.6
Short Blades   | |  1.7
Ice Magic      | |  0.7

Action                   |  1- 3 |  4- 6 || total
-------------------------+-------+-------++-------
Melee: Dagger            |   164 |    67 ||   231
       Punch             |     4 |     1 ||     5
 Cast: Ensorcelled Hiber |     6 |    11 ||    17
       Tukima's Dance    |     1 |     1 ||     2
  Use: Potion            |     1 |       ||     1
       Scroll            |     1 |     3 ||     4
 Stab: Sleeping          |    15 |     9 ||    24
       Invisible         |     4 |       ||     4
       Distracted        |     1 |       ||     1
Armor: Robe              |    13 |     5 ||    18
Dodge: Dodged            |   113 |    34 ||   147

Table legend: (Time is in decaauts)
 A = Elapsed time spent in this place.
 B = Non-inter-level travel time spent in this place.
 C = Inter-level travel time spent in this place.
 D = Time resting spent in this place.
 E = Time spent auto-exploring this place.
 F = Levels seen in this place.
 G = Mean time per level.
                   A        B        C        D        E       F      G
               +--------+--------+--------+--------+--------+-----+--------+
         Total |   2859 |   2823 |     36 |    791 |   1560 |   4 |  714.8 |
       Dungeon |   2859 |   2823 |     36 |    791 |   1560 |   4 |  714.8 |
               +--------+--------+--------+--------+--------+-----+--------+

Top non-repeatable levels by time:
     D:2: 1669 daAuts
     D:1: 1060 daAuts
     D:3: 67 daAuts
     D:4: 61 daAuts
